 Dungeon Crawl Stone Soup version 0.28-a0-475-g7dc2aef8ca (webtiles) character file.

Game seed: 15930133188737278165

12163 Dabor the Schismatic (level 12, -3/95 HPs)
             Began as a Formicid Abyssal Knight on Sept 16, 2021.
             Was an Elder of Lugonu.
             Slain by a minotaur (19 damage)
             ... in a Gauntlet.
             The game lasted 00:48:28 (15625 turns).

Dabor the Schismatic (Formicid Abyssal Knight)     Turns: 15625, Time: 00:48:28

Health: -3/95      AC: 21    Str: 20    XL:     12   Next: 16%
Magic:  19/19      EV:  5    Int: 15    God:    Lugonu [****..]
Gold:   200        SH: 13    Dex:  6    Spells: 11/11 levels left

rFire   . . .      SeeInvis +   j - +7 bardiche "Ekhuas" {holy, *Rage rElec rF- Dex-5}
rCold   . . .      Faith    .   v - +0 tower shield
rNeg    . . .      Spirit   .   x - +2 plate armour {rF+}
rPois   +          Reflect  .   (helmet unavailable)
rElec   +          Harm     .   (no cloak)
rCorr   +          Rampage  .   o - +2 pair of gloves
Will    +++..                   A - +1 pair of boots {Fly}
Stlth   ..........              (no amulet)
HPRegen 0.25/turn               d - +6 ring of dexterity
MPRegen 0.16/turn               l - ring "Odiroaph" {rPois Will++ rCorr Int+3 Dex-3}

@: flying, studying Stealth, unable to read
A: permanent stasis, dig shafts and tunnels, antennae 3, four strong arms,
clumsy 1, weak 1, inability to read while threatened
a: Dig, Renounce Religion, Depart the Abyss, Bend Space, Banish, Corrupt


You were in a Gauntlet.
You worshipped Lugonu.
Lugonu was greatly pleased with you.
You visited 1 branch of the dungeon, and saw 11 of its levels.
You visited the Abyss 1 time.
You also visited: Bailey and Gauntlet.

You collected 601 gold pieces.
You spent 401 gold pieces at shops.

Inventory:

Hand Weapons
 c - a +2 halberd
 j - the +7 bardiche "Ekhuas" (weapon) {holy, *Rage rElec rF- Dex-5}
   (You found it in a bailey)

   It has been blessed by the Shining One to cause great damage to the undead
   and demons.
   Dex:       It affects your dexterity (-5).
   rF:        It makes you vulnerable to fire.
   rElec:     It insulates you from electricity.
   *Rage:     It lets you go berserk by making a melee attack (+20% chance).
Missiles
 i - 18 javelins (quivered)
 u - 6 atropa-tipped darts
 B - 2 boomerangs
Armour
 o - a +2 pair of gloves (worn)
 q - a +3 scale mail
 v - a +0 tower shield (worn)
 x - a +2 plate armour of fire resistance (worn)
 A - a +1 pair of boots of flying (worn)
Jewellery
 d - a +6 ring of dexterity (left hand)
 l - the ring "Odiroaph" (right hand) {rPois Will++ rCorr Int+3 Dex-3}
   (You found it in a Gauntlet)

   [ring of poison resistance]

   Int:       It affects your intelligence (+3).
   Dex:       It affects your dexterity (-3).
   rPois:     It protects you from poison.
   rCorr:     It protects you from acid and corrosion.
   Will:      It greatly increases your willpower.
 p - a +6 ring of intelligence
Wands
 g - a wand of charming (1)
 m - a wand of mindburst (24)
 t - a wand of flame (24)
 y - a wand of iceblast (2)
Scrolls
 a - a scroll of amnesia
 b - 3 scrolls of enchant weapon
 f - a scroll of summoning
 k - a scroll of magic mapping
 w - 2 scrolls of fog
 F - a scroll of torment
 H - a scroll of blinking
 I - a scroll of brand weapon {unknown}
Potions
 e - a potion of brilliance
 h - 3 potions of curing
 n - 5 potions of mutation
 s - a potion of degeneration
 z - a potion of flight
 C - a potion of berserk rage
 D - a potion of lignification
 E - a potion of cancellation
 J - a potion of invisibility {unknown}
Miscellaneous
 r - a phantom mirror (inert)


   Skills:
 + Level 9.2 Fighting
 + Level 7.9 Polearms
 + Level 5.9 Throwing
 + Level 8.9 Armour
 - Level 3.0 Dodging
 + Level 3.0 Stealth
 + Level 9.0 Shields
 + Level 9.4 Invocations
 + Level 1.5 Evocations


You had 11 spell levels left.
You didn't know any spells.
Your spell library contained the following spells:

 Spells                   Type           Power      Damage    Failure   Level
 Shock                    Conj/Air       0%         1d3       100%        1
 Ensorcelled Hibernation  Hex/Ice        0%         N/A       100%        2
 Slow                     Hex            0%         N/A       100%        2
 Confusing Touch          Hex            0%         N/A       100%        3
 Gell's Gravitas          Tloc           0%         N/A       100%        3
 Lesser Beckoning         Tloc           0%         N/A       100%        3
 Teleport Other           Tloc           0%         N/A       100%        3
 Tukima's Dance           Hex            0%         N/A       100%        3
 Vampiric Draining        Necr           0%         2d6       100%        3
 Airstrike                Air            0%         N/A       100%        4
 Swiftness                Air            Unusable   N/A       N/A         3

Dungeon Overview and Level Annotations

Branches:
Dungeon (11/15)            Temple (0/1) D:5            Lair (0/6) D:8
    Orc (0/2) D:9          Bailey (visited)         Gauntlet (1/1)

Altars:
Cheibriados
Hepliaklqana
Trog
Wu Jian
Xom

Shops:
D:3 !   D:5 *   D:6 [   D:7 [   D:8 [

Annotations:
Abyss:1 Maggie Gauntlet 6 transporters


Innate Abilities, Weirdness & Mutations

You cannot be hasted, slowed, berserked, paralysed or teleported.
You can dig through walls and to a lower floor.
You have a pair of large antennae on your head. (SInv)
Your four strong arms can wield two-handed weapons with a shield.
You are clumsy. (Dex -2)
You are weak. (Str -2)
You sometimes lose the ability to read scrolls when taking damage.


Message History

The minotaur gores you but does no damage.
Your shield and plate armour prevent you from hitting the minotaur.
The minotaur is moderately wounded.
The minotaur closely misses you.
The minotaur gores you but does no damage.
You slice the minotaur!!
The minotaur is heavily wounded.
The minotaur hits you but does no damage.
The minotaur gores you but does no damage.
You block the minotaur's attack. x2
You slash the minotaur!
The minotaur is severely wounded.
You block the minotaur's attack. The minotaur gores you.
The minotaur hits you with the +2 war axe of Death {protect, Will+ rCorr Stlth-}!!
You block the minotaur's attack.
You slice the minotaur!!
The minotaur is almost dead.
The minotaur hits you with the +2 war axe of Death {protect, Will+ rCorr Stlth-}!
You feel threatened and lose the ability to read scrolls!
The minotaur gores you.
The minotaur hits you with the +2 war axe of Death {protect, Will+ rCorr Stlth-}!!
You block the minotaur's attack.
You feel better.
The minotaur hits you with the +2 war axe of Death {protect, Will+ rCorr Stlth-}!
The minotaur barely misses you.
You hit the minotaur.
The minotaur is almost dead.
The minotaur hits you with the +2 war axe of Death {protect, Will+ rCorr Stlth-}!
* * * LOW HITPOINT WARNING * * *
The minotaur gores you but does no damage.
The minotaur hits you with the +2 war axe of Death {protect, Will+ rCorr Stlth-}!
* * * LOW HITPOINT WARNING * * *
The minotaur gores you.
* * * LOW HITPOINT WARNING * * *
You cannot read scrolls in your current state!
Okay, then.
You hit the minotaur.
The minotaur is almost dead.
The minotaur hits you with the +2 war axe of Death {protect, Will+ rCorr Stlth-}!!
You die...

###### #.##.###
###.....# #∩##.##.#
#.##.##.## .
#.#......# #.
#H#.##.###
##.###@#.##.###
...............#
##.##.##.##.##.#
##.##.##.##.##.#
...............#
#.##.##.##.##.##
###.##.##.##.##.###
#§...............≈#
#8.8.8..©.©..8.8§8#
##


You could see a minotaur.

Vanquished Creatures
  A cacodemon (Gauntlet)
  A boulder beetle (D:11)
  2 two-headed ogres (D:9)
  An obsidian statue (Gauntlet)
  Grinder (D:5)
  7 yaks
  A wraith (D:11)
  A wyvern (D:7)
  3 neqoxecs (Gauntlet)
  A vampire mosquito (D:9)
  An acid dragon (D:9)
  A water moccasin (D:7)
  11 orc warriors
  An ice beast (D:7)
  4 black bears
  2 necrophages
  A hornet zombie (D:6)
  13 centaurs
  4 ogres
  3 bullfrogs
  Blork the orc (D:5)
  3 scorpions
  A wyvern zombie (D:7)
  A gnoll sergeant (D:6)
  A water moccasin skeleton (D:6)
  4 killer bees
  18 wights
  9 howler monkeys (D:7)
  A bullfrog zombie (D:5)
  4 centaur zombies
  A hound (D:6)
  2 orc priests
  A gnoll shaman (D:9)
  3 jellies
  A bullfrog skeleton (D:6)
  3 centaur skeletons
  6 orc wizards
  3 howler monkey zombies
  8 gnolls
  3 adders
  A shadow imp (D:8)
  3 white imps
  2 adder skeletons (D:4)
  2 worms
  3 dart slugs
  34 orcs
  4 ball pythons
  6 endoplasms
  6 giant cockroaches
  3 goblins (D:1)
  8 hobgoblins
  4 jackals (D:4)
  3 quokkas (D:1)
  4 bats
  3 frilled lizards
  7 kobolds
  6 rats
233 creatures vanquished.

Vanquished Creatures (others)
  A yak (D:9)
  A wyvern (D:9)
  An orc warrior (D:9)
  2 centaurs (D:9)
  2 kobold brigands (D:9)
  A wight (D:9)
  A gnoll shaman (D:9)
  An orc wizard (D:9)
  11 fungi
  16 plants
37 creatures vanquished.

Grand Total: 270 creatures vanquished

Notes
Turn   | Place    | Note
-------+----------+-------------------------------------------
     0 | Abyss:1  | Dabor the Formicid Abyssal Knight began the quest for the
                  | Orb.
     0 | Abyss:1  | Reached XP level 1. HP: 18/18 MP: 2/2
    29 | Abyss:1  | Found a corrupted altar of Lugonu.
    43 | D:1      | Escaped the Abyss
   230 | D:1      | Reached skill level 1 in Dodging
   349 | D:1      | Reached XP level 2. HP: 15/24 MP: 3/3
   973 | D:1      | Reached * piety under Lugonu
   974 | D:1      | Reached XP level 3. HP: 29/29 MP: 4/4
  1821 | D:2      | Reached skill level 1 in Shields
  1900 | D:2      | Reached XP level 4. HP: 37/37 MP: 6/6
  1929 | D:2      | Found a faded altar of an unknown god.
  2686 | D:3      | Found Keubienk's Distillery.
  2694 | D:3      | Bought a potion of curing for 33 gold pieces
  2694 | D:3      | Bought a potion of heal wounds for 55 gold pieces
  3306 | D:4      | Noticed a centaur
  3317 | D:4      | Reached XP level 5. HP: 17/42 MP: 7/7
  3323 | D:4      | Killed a centaur
  3323 | D:4      | Reached ** piety under Lugonu
  3605 | D:4      | Reached XP level 6. HP: 46/48 MP: 8/8
  4141 | D:4      | Found a hazy altar of Hepliaklqana.
  4392 | D:5      | Entered Level 5 of the Dungeon
  4399 | D:5      | Noticed a black bear
  4419 | D:5      | Killed a black bear
  4420 | D:5      | Reached XP level 7. HP: 30/55 MP: 9/9
  4463 | D:5      | Found Wacwika's Assorted Antiques.
  4638 | D:5      | Bought a potion of heal wounds for 115 gold pieces
  4643 | D:5      | Found an ornate altar of the Wu Jian Council.
  5178 | D:5      | Noticed Grinder
  5310 | D:5      | Noticed a yak
  5311 | D:5      | Noticed a yak
  5311 | D:5      | Noticed a yak
  5311 | D:5      | Noticed a yak
  5312 | D:5      | Noticed a yak
  5374 | D:5      | Found a staircase to the Ecumenical Temple.
  5408 | D:5      | Noticed Blork the orc
  5423 | D:5      | Killed Blork the orc
  5578 | D:5      | Reached skill level 5 in Fighting
  5578 | D:5      | Reached skill level 1 in Throwing
  5578 | D:5      | Reached XP level 8. HP: 55/62 MP: 11/11
  5777 | D:5      | Killed Grinder
  6289 | D:5      | Killed a yak
  6290 | D:5      | Reached skill level 5 in Armour
  6290 | D:5      | Reached skill level 5 in Invocations
  6304 | D:5      | Killed a yak
  6657 | D:5      | Killed a yak
  6658 | D:5      | Reached XP level 9. HP: 49/69 MP: 11/13
  7150 | D:6      | Reached skill level 5 in Shields
  7481 | D:6      | Reached skill level 5 in Polearms
  8220 | D:6      | Reached *** piety under Lugonu
  8315 | D:6      | Found Hyep's Antique Armour Shop.
  8641 | D:6      | Reached XP level 10. HP: 76/77 MP: 13/15
  8969 | D:7      | Noticed a cyclops
  9221 | D:7      | Found a flagged portal.
  9230 | Bailey   | Entered a bailey
 10950 | Bailey   | Reached **** piety under Lugonu
 10989 | Bailey   | Identified the +7 bardiche "Ekhuas" {holy, *Rage rElec rF-
                  | Dex-5}
 11360 | D:7      | Banished a cyclops
 11534 | D:7      | Reached XP level 11. HP: 66/86 MP: 17/17
 11837 | D:7      | Found a snail-covered altar of Cheibriados.
 11839 | D:7      | Found Cheibriados's Comfort Zone.
 12731 | D:8      | Found a staircase to the Lair.
 13025 | D:8      | Found a bloodstained altar of Trog.
 13130 | D:8      | Found Bucoyschu's Armour Emporium.
 13139 | D:8      | Bought a +1 pair of boots of flying for 198 gold pieces
 13201 | D:9      | Noticed Maggie
 13208 | D:9      | Banished Maggie
 13236 | D:9      | Noticed a two-headed ogre
 13243 | D:9      | Killed a two-headed ogre
 13244 | D:9      | Reached skill level 5 in Throwing
 13736 | D:9      | Noticed a two-headed ogre
 13740 | D:9      | Killed a two-headed ogre
 13934 | D:9      | Found a staircase to the Orcish Mines.
 14631 | D:9      | Found a shimmering altar of Xom.
 14897 | D:10     | Entered Level 10 of the Dungeon
 14922 | D:10     | Identified the +2 robe "Heafru" {Rampage}
 14934 | D:10     | Noticed a two-headed ogre
 14993 | D:11     | Noticed a boulder beetle
 15004 | D:11     | Killed a boulder beetle
 15182 | D:11     | Found a gate leading to a gauntlet.
 15191 | Gauntlet | Entered a Gauntlet
 15191 | Gauntlet | Noticed a cacodemon
 15191 | Gauntlet | Found a transporter.
 15191 | Gauntlet | Found a transporter.
 15192 | Gauntlet | Found a transporter.
 15192 | Gauntlet | Found a transporter.
 15195 | Gauntlet | Found a transporter.
 15204 | Gauntlet | Noticed an obsidian statue
 15205 | Gauntlet | Noticed a death scarab
 15206 | Gauntlet | Found a transporter.
 15209 | Gauntlet | Found a transporter.
 15218 | Gauntlet | Found a transporter.
 15270 | Gauntlet | Found a transporter.
 15275 | Gauntlet | Found a transporter.
 15276 | Gauntlet | Noticed a necromancer
 15328 | Gauntlet | Gained mutation: You are weak. (Str -2) [a neqoxec]
 15333 | Gauntlet | Gained mutation: You sometimes lose the ability to read
                  | scrolls when taking damage. [a cacodemon]
 15335 | Gauntlet | Killed a cacodemon
 15336 | Gauntlet | Reached skill level 1 in Evocations
 15336 | Gauntlet | Reached XP level 12. HP: 71/95 MP: 17/19
 15336 | Gauntlet | Gained mutation: You are clumsy. (Dex -2) [a neqoxec]
 15513 | Gauntlet | Identified the ring "Odiroaph" {rPois Will++ rCorr Int+3
                  | Dex-3}
 15560 | Gauntlet | Identified the +2 helmet "Oshisuj" {Int+3}
 15610 | Gauntlet | Identified the +2 war axe of Death {protect, Will+ rCorr
                  | Stlth-}
 15610 | Gauntlet | Noticed a minotaur
 15625 | Gauntlet | Slain by a minotaur

Illustrated notes

Levels and vault maps discovered:
D:1:      dpeg_arrival_circle_labyrinth_a, layout_basic
D:2:      layout_loops_corners, shapermc_ecumenical_altar_mp_ritualfount,
          grunt_ministairs_13
D:3:      layout_basic, serial_shops, shop
D:4:      minmay_diamond_boxcup, layout_basic, nicolae_hepliaklqana_hippocampus
D:5:      layout_rooms, nzn_wu_jian_contemplation,
          minmay_temple_entry_antechambers, serial_shops, shop,
          chequers_big_river, uniq_blork_the_orc, uniq_grinder
D:6:      layout_loops_ring, serial_shops, nicolae_stop_n_shop_1
D:7:      layout_basic, enter_bailey_2, kennysheep_big_empty_room,
          minmay_shop_chei, minmay_manual_mess
D:8:      layout_rooms, lightli_temple_of_fire, grunt_lair_entry_orc_guard_hut,
          serial_shops, nicolae_lakefront_shop, lemuel_old_faithful
D:9:      layout_gridville, xom_confusion_cloud, orc_0_dummy, uniq_maggie
D:10:     cheibrodos_elevator_heist, layout_cave_pools,
          gammafunk_ghost_wrathful_warriors, serial_gnoll_camp,
          gnoll_camp_mini_house, gnoll_camp_mini_shop, gnoll_camp_mini_hut,
          gnoll_camp_mini_shop, kennysheep_doodads, minmay_unpleasant_kobolds,
          uniq_josephine
D:11:     layout_basic, gauntlet_entry_generic, uniq_maurice
Gauntlet: gammafunk_gauntlet_shortcut [gammafunk_gauntlet_arena_grid,
          gammafunk_gauntlet_arena_split_diamond, nicolae_gauntlet_arena_x,
          gammafunk_gauntlet_arena_spirals, nicolae_gauntlet_arena_grate_2,
          nicolae_gauntlet_arena_blocks, gauntlet_exit_green]

Skill      XL: |  1  2  3  4  5  6  7  8  9 10 11 12 |
---------------+-------------------------------------+-----
Dodging        | 1 2 3 |  3.0
Shields        | 1 2 3 4 6 7 8 9 |  9.0
Invocations    | 3 4 5 6 8 9 |  9.4
Armour         | 3 4 5 6 7 8 |  8.9
Fighting       | 4 5 6 8 9 |  9.2
Polearms       | 3 4 5 6 7 |  7.9
Throwing       | 1 2 3 4 5 |  5.9
Stealth        | 2 3 |  3.0
Evocations     | 1 |  1.5

Action                   |  1- 3 |  4- 6 |  7- 9 | 10-12 || total
-------------------------+-------+-------+-------+-------++-------
Melee: Spear             |   123 |   133 |   382 |       ||   638
       Halberd           |       |       |    36 |   134 ||   170
       Bardiche          |       |       |       |   234 ||   234
Throw: Dart              |       |     7 |     4 |     8 ||    19
       Javelin           |       |     1 |     9 |    47 ||    57
       Throwing net      |       |       |       |     1 ||     1
Invok: Depart the Abyss  |     1 |       |       |       ||     1
       Bend Space        |       |       |     3 |       ||     3
       Banish            |       |       |       |     3 ||     3
 Abil: Dig               |       |     2 |     1 |       ||     3
Evoke: Wand              |       |       |       |    10 ||    10
       Phantom mirror    |       |       |       |     1 ||     1
  Use: Scroll            |       |     6 |     8 |     7 ||    21
       Potion            |       |     1 |     4 |     3 ||     8
 Stab: Invisible         |       |     1 |       |       ||     1
       Held in net/web   |       |       |       |     1 ||     1
Armor: Leather armour    |    19 |       |       |       ||    19
       Scale mail        |    12 |    60 |   108 |    56 ||   236
       Skin              |       |       |    15 |       ||    15
       Plate armour      |       |       |       |   164 ||   164
Dodge: Dodged            |    39 |    54 |    93 |    93 ||   279
Block: Buckler           |     4 |    23 |       |       ||    27
       Tower shield      |       |       |   283 |   351 ||   634

Table legend: (Time is in decaauts)
 A = Elapsed time spent in this place.
 B = Non-inter-level travel time spent in this place.
 C = Inter-level travel time spent in this place.
 D = Time resting spent in this place.
 E = Time spent auto-exploring this place.
 F = Levels seen in this place.
 G = Mean time per level.
                   A        B        C        D        E       F      G
               +--------+--------+--------+--------+--------+-----+--------+
         Total |  16081 |  15640 |    441 |   4182 |   7559 |  14 | 1148.6 |
       Dungeon |  13456 |  13015 |    441 |   3341 |   6844 |  11 | 1223.3 |
         Abyss |     43 |     43 |      0 |      0 |     26 |   1 |   43.0 |
        Bailey |   2127 |   2127 |      0 |    697 |    679 |   1 | 2127.0 |
      Gauntlet |    455 |    455 |      0 |    144 |     10 |   1 |  455.0 |
               +--------+--------+--------+--------+--------+-----+--------+

Top non-repeatable levels by time:
     D:5: 2486 daAuts
     D:6: 2379 daAuts
  Bailey: 2127 daAuts
     D:7: 1600 daAuts
     D:1: 1578 daAuts
     D:9: 1545 daAuts
     D:4: 1223 daAuts
     D:2: 909 daAuts
     D:8: 736 daAuts
     D:3: 683 daAuts
Gauntlet: 455 daAuts
    D:11: 260 daAuts
    D:10: 53 daAuts
 Abyss:1: 43 daAuts
